 Dungeon Crawl Stone Soup version 0.28.0 (webtiles) character file.

Game seed: 16267055623141883815

119 buriedalive the Chiller (level 4, -1/24 HPs)
             Began as a Deep Elf Ice Elementalist on Feb 4, 2022.
             Killed by nerve-wracking pain
             ... invoked by a shadow imp
              (11 damage)
             ... on level 5 of the Dungeon.
             The game lasted 00:06:31 (3454 turns).

buriedalive the Chiller (Deep Elf Ice Elementalist) Turns: 3454, Time: 00:06:32

Health: -1/24      AC:  3    Str:  5    XL:     4   Next: 73%
Magic:  3/10       EV: 13    Int: 22    God:
Gold:   156        SH:  0    Dex: 15    Spells: 2/9 levels left

rFire   + . .      SeeInvis .   c - +0 dagger
rCold   + . .      Faith    .   (no shield)
rNeg    . . .      Spirit   .   a - +0 robe
rPois   +          Reflect  .   (no helmet)
rElec   +          Harm     .   (no cloak)
rCorr   +          Rampage  .   g - +0 pair of gloves
Will    .....                   (no boots)
Stlth   ++........              (no amulet)
HPRegen 0.08/turn               (no ring)
MPRegen 0.12/turn               (no ring)

@: resistant, invisible
A: no striking features
a: no special abilities


You were on level 5 of the Dungeon.
You visited 1 branch of the dungeon, and saw 5 of its levels.

You collected 156 gold pieces.

Inventory:

Hand Weapons
 c - a +0 dagger (weapon)
Missiles
 b - 131 stones
Armour
 a - a +0 robe (worn)
 g - a +0 pair of gloves (worn)
Jewellery
 h - an amulet of faith
Wands
 q - a wand of paralysis (12)
Scrolls
 f - 2 scrolls of teleportation {unknown}
 i - 4 scrolls of magic mapping {unknown}
 j - 2 scrolls of holy word {unknown}
 k - a scroll of vulnerability {unknown}
 m - a scroll of fog {unknown}
 o - a scroll of identify {unknown}
 r - a scroll of enchant weapon {unknown}
Potions
 e - a potion of resistance
 l - a potion of flight {unknown}
 n - 2 potions of haste {unknown}
 p - a potion of curing {unknown}


   Skills:
 - Level 0.3 Fighting
 - Level 0.9 Short Blades
 + Level 3.6 Dodging
 - Level 2.4 Stealth
 - Level 3.0 Spellcasting
 + Level 6.0 Ice Magic


You had 2 spell levels left.
You knew the following spells:

 Your Spells              Type           Power      Damage    Failure   Level
a - Freeze                Ice            100%       1d11      1%          1
b - Ozocubu's Armour      Ice            29%        N/A       3%          3
c - Frozen Ramparts       Ice            58%        1d7       3%          3

Your spell library contained the following spells:

 Spells                   Type           Power      Damage    Failure   Level
 Hailstorm                Conj/Ice       16%        3d6       34%         4
 Conjure Ball Lightning   Conj/Air       1%         3x3d6     100%        6
 Discord                  Hex            1%         N/A       100%        8
 Disjunction              Tloc           1%         N/A       100%        8


Dungeon Overview and Level Annotations

Branches:
Dungeon (5/15)
 Temple: D:4-7

Altars:

Annotations:
D:3 Grinder


Message History

Press: ? - help, Shift-Dir - straight line, f - gnoll
Aim: a gnoll, wielding a +0 flail (severely wounded)
You freeze the gnoll!
You kill the gnoll!
The shadow imp resists.
The wall freezes the shadow imp.
Casting: Freeze (safe; 1% risk of failure)
Confirm with . or Enter, or press ? or * to list all spells.
Aiming: Freeze (safe; 1% risk of failure)
Press: ? - help, Shift-Dir - straight line, f - shadow imp
Aim: a shadow imp (lightly wounded)
You freeze the shadow imp.
The shadow imp resists.
The shadow imp is moderately wounded.
The hound skeleton completely resists.
The wall freezes the hound skeleton but does no damage.
The shadow imp resists.
The wall freezes the shadow imp.
The shadow imp misses you.
It was a potion of invisibility.
You fade into invisibility!
The hound skeleton completely resists.
The wall freezes the hound skeleton but does no damage.
The shadow imp completely resists.
The wall freezes the shadow imp but does no damage.
The shadow imp closely misses you.
The hound skeleton resists.
The wall freezes the hound skeleton.
It was a potion of resistance.
You feel protected.
The shadow imp completely resists.
The wall freezes the shadow imp but does no damage.
The shadow imp misses you.
You hit the shadow imp but do no damage.
The shadow imp is moderately wounded.
The frozen ramparts melt away.
The shadow imp closely misses you.
You hit the shadow imp but do no damage.
The shadow imp is moderately wounded.
The shadow imp completely misses you.
You closely miss the shadow imp.
The shadow imp is moderately wounded.
The shadow imp gestures at you. Pain shoots through your body!
You die...

..........
...#.... ...#...
..... $. .... #.
##..# #
##.##...# ..#...
#@# ...#..##5##
S.......Z.#
##5.......###
............#
##..........)...
#..............#
##............##
.......[......#


You could see a shadow imp and a hound skeleton.

Vanquished Creatures
  3 gnolls (D:5)
  An adder (D:2)
  A dart slug (D:2)
  7 orcs
  4 ball pythons
  8 bats
  7 endoplasms
  A giant cockroach (D:3)
  5 goblins
  9 hobgoblins
  3 jackals (D:1)
  7 kobolds
  A quokka (D:3)
  3 frilled lizards (D:1)
  5 rats
65 creatures vanquished.

Notes
Turn   | Place    | Note
-------+----------+-------------------------------------------
     0 | D:1      | buriedalive the Deep Elf Ice Elementalist began the quest
                  | for the Orb.
     0 | D:1      | Reached XP level 1. HP: 10/10 MP: 6/6
   241 | D:1      | Reached XP level 2. HP: 10/15 MP: 1/8
   493 | D:1      | Reached skill level 5 in Ice Magic
  1127 | D:1      | Reached XP level 3. HP: 19/19 MP: 7/9
  2715 | D:3      | Found a faded altar of an unknown god.
  2755 | D:3      | Reached XP level 4. HP: 16/24 MP: 3/10
  2852 | D:3      | Learned a level 3 spell: Ozocubu's Armour
  2856 | D:3      | Learned a level 3 spell: Frozen Ramparts
  2966 | D:3      | Noticed Grinder
  3354 | D:4      | Noticed a phantom
  3436 | D:5      | Entered Level 5 of the Dungeon
  3436 | D:5      | Noticed a water moccasin
  3448 | D:5      | Reached skill level 6 in Ice Magic
  3454 | D:5      | Killed from afar by a shadow imp

Illustrated notes

Levels and vault maps discovered:
D:1:      psy_arrival_whirlpool, layout_basic, chequers_serial_rivers_micro_b,
          minmay_misc_feat_four_crosses, chequers_serial_rivers_large_b,
          st_stairs_11
D:2:      layout_basic, chequers_serial_rivers_micro_c, minmay_quadrilaterals
D:3:      layout_rooms, nicolae_tso_besieged_by_evil,
          nicolae_ecumenical_oubliette, uniq_grinder
D:4:      layout_loops_cross, st_stairs_12, hangedman_abyss_or_decor_stagger
D:5:      layout_cave_pools, uniq_menkaure, uniq_blork_the_orc, uniq_eustachio

Skill      XL: |  1  2  3  4 |
---------------+-------------+-----
Ice Magic      | 5 6 |  6.0
Dodging        | 3 |  3.6
Fighting       | |  0.3
Short Blades   | |  0.9
Stealth        | |  2.4
Spellcasting   | |  3.0

Action                   |  1- 3 |  4- 6 || total
-------------------------+-------+-------++-------
Melee: Short sword       |     2 |       ||     2
       Unarmed           |     1 |       ||     1
       Dagger            |    32 |    15 ||    47
 Cast: Freeze            |    44 |    14 ||    58
       Frozen Ramparts   |       |     3 ||     3
  Use: Potion            |       |     2 ||     2
 Stab: Sleeping          |    12 |     1 ||    13
Armor: Robe              |     9 |     3 ||    12
Dodge: Dodged            |    28 |    15 ||    43
